 Dungeon Crawl Stone Soup version 0.31-a0-1159-g800acc2fd1 (webtiles) character file.

Game seed: 11669803558663092854

210699 Wyvric the Marksdemigod (level 17, -2/121 (140) HPs)
             Began as a Demigod Hunter on Dec 7, 2023.
             Killed from afar by a jorogumo (34 damage)
             ... with a bolt of negative energy
             ... on level 2 of the Lair of Beasts on Dec 8, 2023.
             The game lasted 02:31:42 (35372 turns).

Wyvric the Marksdemigod (Demigod Hunter)           Turns: 35372, Time: 02:31:42

HP:   -2/121 (140)  AC: 15    Str: 12    XL:     17   Next: 56%
MP:   25/25         EV: 34    Int: 11    God:
Gold: 1407          SH:  0    Dex: 49    Spells: 13/22 levels left

rFire   . . .        a - +2 arbalest (flame)
rCold   . . .        (shield currently unavailable)
rNeg    . . .        H - +2 ring mail {Will+}
rPois   .            J - +0 helmet
rElec   .            f - +2 cloak
rCorr   .            C - +1 pair of gloves
SInv    .            M - +1 pair of boots {Stlth+}
Will    ++...        c - amulet of regeneration
Stlth   ++++         R - +6 ring of dexterity
HPRegen 1.20/turn    o - +6 ring of dexterity
MPRegen 0.19/turn

%: no passive effects
@: mighty, lethally poisoned (-2 -> -3), about to teleport, corroded, slowed,
heavily drained, invisible, very slow
A: high MP 1, forlorn, divine attributes
}: 1/15 runes: barnacled
a: no special abilities


You were on level 2 of the Lair of Beasts.
You visited 8 branches of the dungeon, and saw 31 of its levels.
You also visited: Sewer.

You collected 3285 gold pieces.
You spent 1878 gold pieces at shops.

Inventory:

Hand Weapons
 a - a +2 arbalest of flaming (weapon)
 b - a +1 antimagic arbalest
Missiles
 i - 5 throwing nets
 U - 6 curare-tipped darts
Armour
 f - a +2 cloak (worn)
 C - a +1 pair of gloves (worn)
 H - a +2 ring mail of willpower (worn)
 J - a +0 helmet (worn)
 M - a +1 pair of boots of stealth (worn)
Jewellery
 c - an amulet of regeneration (around neck)
 o - a +6 ring of dexterity (right hand)
 D - a ring of positive energy
 L - a ring of resist corrosion
 N - a ring of protection from fire
 R - a +6 ring of dexterity (left hand)
 T - a ring of see invisible
Wands
 w - a wand of polymorph (8)
 F - a wand of flame (21)
 G - a wand of iceblast (4)
 I - a wand of quicksilver (1)
 W - a wand of paralysis (13)
 Y - a wand of mindburst (9)
Scrolls
 e - a scroll of vulnerability
 g - 2 scrolls of fear
 q - 2 scrolls of silence
 t - 2 scrolls of teleportation
 u - a scroll of butterflies
 x - 2 scrolls of poison
 z - 3 scrolls of fog
 B - 3 scrolls of blinking
 O - 3 scrolls of immolation
 P - a scroll of summoning
 Z - 2 scrolls of revelation
Potions
 d - 4 potions of might
 h - 5 potions of haste
 j - 3 potions of berserk rage
 k - 7 potions of curing
 l - 5 potions of heal wounds
 m - 4 potions of brilliance
 n - 2 potions of resistance
 p - 2 potions of enlightenment
 s - 2 potions of attraction
 A - 2 potions of cancellation
 E - 2 potions of ambrosia
 K - 4 potions of lignification
 S - 3 potions of magic
 X - 2 potions of invisibility
Miscellaneous
 r - a sack of spiders (inert)
 v - a phantom mirror
 y - a phial of floods
 Q - a tin of tremorstones (1/2)
 V - a lightning rod (1/4)


   Skills:
 - Level 10.0 Fighting
 * Level 16.6 Ranged Weapons
 - Level 12.0 Armour
 - Level 15.0 Dodging
 - Level 1.0 Stealth
 - Level 3.0 Spellcasting
 - Level 10.0 Summonings
 - Level 6.0 Transmutations
 - Level 10.0 Air Magic
 - Level 6.0 Evocations


You had 13 spell levels left.
You knew the following spells:

 Your Spells              Type           Power      Damage    Failure   Level
l - Summon Lightning Spi  Summ/Air       23%        N/A       8%          4
u - Wereblood             Tmut           14%        N/A       6%          2
y - Swiftness             Air            23%        N/A       2%          3

Your spell library contained the following spells:

 Spells                   Type           Power      Damage    Failure   Level
 Call Imp                 Summ           46%        N/A       1%          2
 Shock                    Conj/Air       48%        1d6       6%          1
 Airstrike                Air            11%        2d(2-18)  8%          4
 Static Discharge         Conj/Air       24%        3-4/arc   10%         2
 Mephitic Cloud           Conj/Pois/Air  8%         N/A       36%         3
 Magic Dart               Conj           4%         1d3       43%         1
 Slow                     Hex            4%         N/A       43%         1
 Summon Ice Beast         Ice/Summ       12%        N/A       52%         4
 Ignite Poison            Fire/Tmut/Pois 6%         N/A       54%         3
 Jinxbite                 Hex            2%         N/A       58%         2
 Scorch                   Fire           2%         2d5       58%         2
 Searing Ray              Conj           2%         2d4       58%         2
 Sublimation of Blood     Necr           1%         N/A       58%         2
 Confusing Touch          Hex            1%         N/A       82%         3
 Gell's Gravitas          Tloc           1%         N/A       82%         3
 Hailstorm                Conj/Ice       1%         3d5       82%         3
 Sigil of Binding         Hex            1%         N/A       82%         3
 Teleport Other           Tloc           1%         N/A       82%         3
 Vampiric Draining        Necr           1%         2d6       82%         3
 Animate Dead             Necr           1%         N/A       99%         4
 Dimensional Bullseye     Hex/Tloc       0%         N/A       99%         4
 Fulminant Prism          Conj/Hex       0%         3d5       99%         4
 Sticky Flame             Conj/Fire      1%         2d3       99%         4
 Borgnjor's Vile Clutch   Necr/Erth      0%         N/A       100%        5
 Death Channel            Necr           0%         N/A       100%        6
 Dispersal                Tloc           0%         N/A       100%        6
 Simulacrum               Ice/Necr       0%         N/A       100%        6
 Summon Hydra             Summ           11%        N/A       100%        7
 Ignition                 Fire           0%         3d3       100%        8
 Fire Storm               Conj/Fire      0%         6d1       100%        9


Dungeon Overview and Level Annotations

Branches:
Dungeon (15/15)            Temple (1/1) D:5            Lair (5/5) D:9
 Shoals (4/4) Lair:3       Spider (1/4) Lair:2        Slime (0/5) Lair:4
    Orc (2/2) D:10            Elf (1/3) Orc:2        Vaults (2/5) D:13
  Crypt (0/3) Vaults:2     Depths (0/4) D:15          Sewer (visited)

Shops:
D:15 *   Orc:1 !   Orc:2 :[*(*   Elf:1 ?:(   Shoals:1 ?   Shoals:2 [
Shoals:3 ?   Vaults:1 =

Portals:
Trove: D:13 (give +4 shadow dragon scales)

Annotations:
D:15 Roxanne
Lair:2 1 runed translucent door, Gejouske's ghost, journeyman GrFi
Orc:2 1 runed translucent door, zdzicho121's ghost, journeyman DsSh


Innate Abilities, Weirdness & Mutations

You have an increased reservoir of magic. (+10% MP)
You shall have no god before yourself.
Your divine heritage dramatically boosts your attributes as you level up.


Message History

The spark wasp misses you.
The demonic crawler completely misses you. x2
The demonic crawler closely misses you.
The entropy weaver hits you but does no damage. x2
The entropy weaver completely misses you. x2
The jorogumo hits you but does no damage.
The spark wasp closely misses you.
The demonic crawler completely misses you.
The demonic crawler closely misses you.
The demonic crawler completely misses you.
The entropy weaver points at you and mumbles some strange words.
The entropic weave corrodes you! The jorogumo hits you!
* * * LOW HITPOINT WARNING * * *
You are poisoned.
You feel yourself slow down. The spark wasp completely misses you.
You climb upwards.
Welcome back to the Lair of Beasts!
Level annotation: 1 runed translucent door, Gejouske's ghost, journeyman GrFi You feel extremely sick.
There is a hole to the Spider Nest, spattered with blood here.
As you read the scroll of teleportation, it crumbles to dust.
You feel strangely unstable.
You feel very sick. The demonic crawler closely misses you.
The demonic crawler hits you.
* * * LOW HITPOINT WARNING * * *
The demonic crawler hits you.
* * * LOW HITPOINT WARNING * * *
The spark wasp completely misses you.
The entropy weaver closely misses you. x3
The entropy weaver hits you.
* * * LOW HITPOINT WARNING * * *
The jorogumo casts a spell at you. The stream of webbing misses you.
The demonic crawler misses you.
The demonic crawler completely misses you.
The demonic crawler misses you. The spark wasp stings you!
* * * LOW HITPOINT WARNING * * *
The spark wasp shocks you!
* * * LOW HITPOINT WARNING * * *
The jorogumo stares at you and mumbles some strange words.
The bolt of negative energy hits you!!
You feel drained.
You die...

.## ##.P##.#..## ######
.#####..###.....######..#.##
....#...#.#.P...##.........##
.♣♣.♣♣...##....^.^..........###
.♣.~♣♣..###......^.^..........#
♣♣♣~~♣♣...#.....^^.^..........#
♣♣♣.~♣♣.......^.^.^....###....##
♣♣~~~♣♣♣♣♣♣...^^^H...^.##.....P#
P♣~~~♣~~♣♣#....s@y....####....##
.~~.~~~.~...^.^.^B.^..P##.....#
~P~~~♣♣.~P.....^^.^^^.........##
♣♣♣~♣♣♣♣♣♣..^..^^.^............#
♣♣♣~~♣ ♣♣...^....^.^^.........P#
♣♣P.♣♣ #........^.^...PP.......#
#♣P.♣♣##..>....##.....##......###
.♣♣..♣.#...###.#P...###......##.#
.#.........#....................#


You could see a jorogumo, an entropy weaver, a spark wasp (unable to see you)
and a demonic crawler.

Vanquished Creatures
  Jorgrun (D:12)
  Ilsuiw (Shoals:3)
  5 vault wardens (Vaults:1)
  A deep elf elementalist (Elf:1)
  3 ironbound preservers (Vaults:1)
  A stone giant (Orc:2)
  A formless jellyfish (Vaults:2)
  2 ironbound thunderhulks (Vaults:1)
  A deep elf annihilator (Elf:1)
  4 dire elephants (Vaults:1)
  2 fire dragons
  3 ettins (Orc:2)
  4 merfolk javelineers (Shoals:4)
  7 merfolk impalers (Shoals:4)
  Josephine (Lair:4)
  4 yaktaur captains (Vaults:1)
  An ice dragon (D:15)
  2 great orbs of eyes
  9 vault guards
  A peacekeeper (Vaults:1)
  11 hydras
  2 ironbound frosthearts (Vaults:1)
  2 alligator snapping turtles (Shoals:4)
  A catoblepas (Lair:1)
  A merfolk avatar (Shoals:4)
  An ogre mage (D:13)
  6 merfolk aquamancers
  4 satyrs
  7 centaur warriors
  9 boulder beetles
  4 dancing weapons (Elf:1)
  An orc high priest (Elf:1)
  3 tengu warriors
  2 deep elf knights (Elf:1)
  Nergalle (D:12)
  7 skysharks
  4 skeletal warriors
  6 deep trolls
  13 sea snakes
  A glowing orange brain (Vaults:1)
  4 arcanists
  A kraken simulacrum (Shoals:4)
  3 deep elf archers (Elf:1)
  7 orc knights
  6 ironbound convokers
  8 lindwurms
  15 deep elf pyromancers
  15 cyclopes
  15 manticores
  2 orc sorcerers (Orc:1)
  A wolf spider (Spider:1)
  A harpy (Shoals:4)
  2 statues (D:13)
  11 deep elf zephyrmancers (Elf:1)
  23 fauns
  24 ugly things
  2 kobold blastminers (Orc:1)
  6 merfolk sirens
  4 elephants (Lair:4)
  3 water nymphs (Shoals:4)
  3 black mambas
  8 vault sentinels
  Jeremiah (Lair:1)
  3 rime drakes
  2 gargoyles
  5 cane toads
  2 unseen horrors
  23 yaktaurs
  A freezing wraith (D:15)
  A kobold demonologist (D:13)
  9 komodo dragons
  9 trolls
  5 wind drakes
  A wolf spider simulacrum (D:15)
  2 polar bears
  14 blink frogs
  33 merfolk
  Prince Ribbit (D:6)
  2 tyrant leeches (D:15)
  7 snapping turtles
  4 dream sheep (Shoals:1)
  Sigmund (D:6)
  8 wraiths
  2 air elementals (Elf:1)
  A culicivora (Spider:1)
  10 water elementals
  3 wyverns
  7 slime creatures
  A spriggan (shapeshifter) (D:13)
  A shadow (D:12)
  35 yaks
  A fire elemental (Elf:1)
  A golden eye (Lair:2)
  5 redbacks (Spider:1)
  4 basilisks
  2 steam dragons
  6 vampire mosquitoes
  8 wargs
  A hell hound (Lair:5)
  12 water moccasins
  4 acid dragons
  2 black bears
  A sky beast (D:6)
  21 orc warriors
  3 ice beasts (D:6)
  An ogre (D:6)
  9 wolves
  4 boggarts (D:15)
  2 phantoms
  15 centaurs
  3 nameless horrors
  Blork the orc (D:5)
  10 bullfrogs
  2 kobold brigands
  A bullfrog (shapeshifter) (D:14)
  2 gnoll sergeants
  10 killer bees
  4 howler monkeys
  8 electric eels
  5 jellies
  14 orc priests
  5 hounds
  Jessica (D:3)
  3 iguanas
  27 orc wizards
  14 hell rats
  12 gnolls
  5 river rats (Sewer)
  8 adders
  A shadow imp (D:7)
  5 white imps
  4 worms
  2 dart slugs (D:4)
  56 orcs
  7 bats
  14 endoplasms
  6 giant cockroaches
  3 goblins
  6 hobgoblins
  15 kobolds
  6 quokkas
  14 ball pythons
  9 frilled lizards
  24 rats
907 creatures vanquished.

Vanquished Creatures (collateral kills)
  An ironbound preserver (Vaults:1)
  A merfolk javelineer (Shoals:2)
  An entropy weaver (Vaults:1)
  A merfolk impaler (Shoals:3)
  A vault guard (Vaults:1)
  A merfolk aquamancer (Shoals:4)
  2 sea snakes
  4 deep trolls (Vaults:1)
  2 deep elf archers (Elf:1)
  An arcanist (Vaults:2)
  A lindwurm (Vaults:1)
  A wolf spider (Lair:2)
  2 ugly things
  A manticore (D:13)
  2 fauns (Shoals:4)
  A cyclops (D:13)
  A merfolk siren (Shoals:3)
  2 yaktaurs (Vaults:1)
  A meliai (D:13)
  5 merfolk
  A wind drake (Shoals:3)
  A slime creature (Vaults:1)
  A redback (Vaults:1)
  An orc (Vaults:1)
36 creatures vanquished.

Vanquished Creatures (others)
  An orc wizard (D:6)
  4 tentacles (Shoals:4)
5 creatures vanquished.

Grand Total: 948 creatures vanquished

Notes
Turn   | Place    | Note
-------+----------+-------------------------------------------
     0 | D:1      | Wyvric the Demigod Hunter began the quest for the Orb.
     0 | D:1      | Reached XP level 1. HP: 17/17 MP: 3/3
    37 | D:1      | Reached skill level 1 in Stealth
   174 | D:1      | Reached XP level 2. HP: 24/24 MP: 4/4
   262 | D:1      | Reached skill level 4 in Ranged Weapons
   938 | D:2      | Reached XP level 3. HP: 26/29 MP: 5/5
  1317 | D:3      | Identified the +0 spear of Wohas {speed, rPois rC+ Stlth+}
  1478 | D:3      | Noticed Jessica
  1757 | D:3      | Noticed a phantom
  1905 | D:3      | Reached XP level 4. HP: 31/36 MP: 6/6
  2312 | D:4      | Reached skill level 5 in Ranged Weapons
  2687 | D:4      | Reached XP level 5. HP: 41/41 MP: 7/7
  3007 | D:5      | Entered Level 5 of the Dungeon
  3046 | D:5      | Noticed Blork the orc
  3133 | D:5      | Reached skill level 6 in Ranged Weapons
  3301 | D:5      | Found a staircase to the Ecumenical Temple.
  3311 | Temple   | Entered the Ecumenical Temple
  3477 | D:5      | Reached XP level 6. HP: 46/48 MP: 8/8
  3640 | D:5      | Killed Blork the orc
  3883 | D:3      | Killed Jessica
  4051 | D:3      | Reached skill level 7 in Ranged Weapons
  4619 | D:6      | Noticed Prince Ribbit
  4684 | D:6      | Noticed Sigmund
  4795 | D:6      | Found a large runed translucent door.
  4798 | D:6      | Found a large runed translucent door.
  4841 | D:6      | Killed Sigmund
  4842 | D:6      | Reached skill level 8 in Ranged Weapons
  4842 | D:6      | Reached XP level 7. HP: 55/55 MP: 9/9
  4996 | D:6      | Identified a scroll of acquirement
  5000 | D:6      | Acquired a +6 ring of dexterity
  5018 | D:6      | Found a glowing drain.
  5036 | Sewer    | Entered a sewer
  5205 | Sewer    | Reached skill level 9 in Ranged Weapons
  5469 | D:6      | Reached XP level 8. HP: 61/61 MP: 10/10
  5582 | D:6      | Reached skill level 10 in Ranged Weapons
  6270 | D:7      | Reached skill level 11 in Ranged Weapons
  6415 | D:7      | Identified the +0 ring mail "Nuwnolul" {rN+ Int+4}
  6856 | D:8      | Reached XP level 9. HP: 67/67 MP: 11/11
  6867 | D:8      | Reached skill level 1 in Armour
  8422 | D:9      | Found a staircase to the Lair.
  8562 | D:9      | You fall into a shaft and drop 3 floors!
  8597 | D:11     | Noticed a yaktaur
  8611 | D:11     | Killed a yaktaur
  8612 | D:11     | Reached skill level 12 in Ranged Weapons
  8717 | D:11     | Identified the +0 leather armour of the Great Game {rF++}
  8727 | D:11     | Noticed a boulder beetle
  8766 | D:10     | Entered Level 10 of the Dungeon
  8804 | D:10     | Reached skill level 5 in Dodging
  8851 | D:11     | Noticed a tengu warrior
  8886 | D:10     | Found a staircase to the Orcish Mines.
  8988 | D:9      | Reached XP level 10. HP: 74/78 MP: 13/13
  9786 | D:10     | Reached skill level 5 in Armour
 10023 | D:11     | Reached skill level 5 in Fighting
 10044 | D:11     | Noticed a tengu warrior
 10272 | D:6      | Killed Prince Ribbit
 10850 | Lair:1   | Entered Level 1 of the Lair of Beasts
 10850 | Lair:1   | Noticed Jeremiah
 10850 | Lair:1   | Noticed a black mamba
 10855 | D:9      | Killed a black mamba
 11000 | Lair:1   | Killed Jeremiah
 11015 | Lair:1   | Noticed a boulder beetle
 11038 | Lair:1   | Killed a boulder beetle
 11173 | D:9      | Reached skill level 1 in Evocations
 11197 | Lair:1   | Reached XP level 11. HP: 89/89 MP: 14/14
 11285 | Lair:1   | Noticed a catoblepas
 11306 | Lair:1   | Killed a catoblepas
 11307 | Lair:1   | Reached skill level 13 in Ranged Weapons
 11966 | Lair:2   | Noticed a skyshark
 12010 | Lair:2   | Reached skill level 14 in Ranged Weapons
 12129 | Lair:2   | Noticed Sonja
 12322 | Lair:2   | Reached skill level 5 in Evocations
 12428 | Lair:2   | Sonja changed into Sonja the golden eye
 12428 | Lair:2   | Noticed Sonja
 12436 | Lair:2   | Killed Sonja the golden eye
 12501 | Lair:2   | Found a hole to the Spider Nest.
 12556 | Lair:2   | Killed a skyshark
 12795 | Lair:2   | Found a runed translucent door.
 12797 | Lair:2   | Noticed Gejouske's ghost (journeyman GrFi)
 13201 | Lair:3   | Found a staircase to the Shoals.
 13278 | Lair:3   | Noticed a skyshark
 13284 | Lair:3   | Killed a skyshark
 14206 | Lair:4   | Reached XP level 12. HP: 96/96 MP: 15/15
 14264 | Lair:4   | Found a staircase to the Slime Pits.
 14297 | Lair:4   | Noticed a boulder beetle
 14308 | Lair:4   | Killed a boulder beetle
 14407 | Lair:4   | Noticed an eight-headed hydra
 14413 | Lair:4   | Killed an eight-headed hydra
 14676 | Lair:4   | Noticed Urug
 14716 | Lair:4   | Noticed Nessos
 14718 | Lair:4   | Nessos changed into Nessos the cyclops
 14718 | Lair:4   | Noticed Nessos
 14725 | Lair:4   | Killed Nessos the cyclops
 14883 | Lair:4   | Noticed Josephine
 14883 | Lair:4   | Noticed a seven-headed hydra
 15303 | Lair:5   | Entered Level 5 of the Lair of Beasts
 15303 | Lair:5   | Noticed a boulder beetle
 15903 | D:12     | Noticed Jorgrun
 15912 | D:12     | Killed Jorgrun
 15944 | D:12     | Noticed Nergalle
 15961 | D:12     | Killed Nergalle
 16246 | D:12     | Reached skill level 10 in Dodging
 16518 | D:12     | Noticed a centaur warrior
 16524 | D:12     | Killed a centaur warrior
 16581 | D:12     | Learned a level 4 spell: Summon Lightning Spire
 16585 | D:12     | Learned a level 3 spell: Swiftness
 16692 | D:13     | Found a gate to the Vaults.
 16692 | D:13     | Noticed a boulder beetle
 16692 | D:13     | Noticed a vault guard
 16692 | D:13     | Noticed a vault guard
 16692 | D:13     | Noticed a vault guard
 16692 | D:13     | Noticed a vault guard
 16745 | D:12     | Killed a boulder beetle
 16773 | D:11     | Killed a boulder beetle
 17126 | Lair:4   | Found a staircase to the Slime Pits.
 17128 | Lair:4   | Urug changed into Urug the merfolk
 17128 | Lair:4   | Noticed Urug
 17131 | Lair:4   | Urug the merfolk changed into Urug the cyclops
 17131 | Lair:4   | Noticed Urug
 17136 | Lair:4   | Killed Urug the cyclops
 17137 | Lair:4   | Reached skill level 1 in Summonings
 17137 | Lair:4   | Reached skill level 1 in Air Magic
 18024 | Lair:4   | Killed a seven-headed hydra
 18025 | Lair:4   | Reached XP level 13. HP: 100/102 MP: 16/16
 18029 | Lair:4   | Killed Josephine
 19032 | Lair:5   | Reached skill level 15 in Ranged Weapons
 19223 | Orc:1    | Entered Level 1 of the Orcish Mines
 19230 | Orc:1    | Paralysed by an orc sorcerer for 3 turns
 19410 | Orc:1    | Found Mounetir's Distillery.
 19427 | Orc:1    | Bought a potion of curing for 39 gold pieces
 19427 | Orc:1    | Bought a potion of attraction for 39 gold pieces
 19507 | Orc:1    | Reached skill level 5 in Summonings
 19564 | Orc:1    | Reached skill level 5 in Air Magic
 19734 | Orc:2    | Entered Level 2 of the Orcish Mines
 19939 | Orc:2    | Found a staircase to the Elven Halls.
 19950 | Orc:2    | Found Fur Erre's Gadget Gallery.
 20001 | Orc:2    | Found a runed translucent door.
 20012 | Orc:2    | Noticed zdzicho121's ghost (journeyman DsSh)
 20143 | Orc:2    | Found Coric's Antique Armour Boutique.
 20300 | Orc:2    | Noticed a stone giant
 20312 | Orc:2    | Killed a stone giant
 20333 | Orc:2    | Found Camequh's General Store.
 20365 | Orc:2    | Found Niutaj's Book Shoppe.
 20382 | Orc:2    | Reached XP level 14. HP: 93/110 MP: 17/17
 20538 | Orc:2    | Found Kogg's Antique Weapon Shoppe.
 20706 | Orc:2    | Bought a phantom mirror for 600 gold pieces
 20706 | Orc:2    | Bought a lightning rod (4/4) for 600 gold pieces
 20709 | Orc:2    | Bought a phial of floods for 600 gold pieces
 20834 | D:13     | Found a portal to a secret trove of treasure.
 21463 | D:13     | Identified the +9 scimitar of Viozirol {flame, rN+}
 22221 | D:13     | Upgraded the game from 0.31-a0-1147-g46bab52692 to
                  | 0.31-a0-1159-g800acc2fd1
 22542 | Shoals:1 | Entered Level 1 of the Shoals
 22573 | Shoals:1 | Identified the +0 sling "Nun Bumm" {flame, *Corrode rElec
                  | rC+ rN++}
 23069 | Shoals:1 | Found Ozeclixu's Magic Scroll Emporium.
 23558 | Shoals:2 | Found Sanwiq's Armour Emporium.
 23724 | Shoals:2 | Learned a level 2 spell: Wereblood
 23905 | Shoals:2 | Reached skill level 10 in Summonings
 23905 | Shoals:2 | Reached skill level 10 in Air Magic
 24339 | Shoals:3 | Reached XP level 15. HP: 115/115 MP: 18/18
 24510 | Shoals:3 | Identified the +8 plate armour of Exclusion {rC+ rCorr
                  | Str+4}
 24583 | Shoals:3 | Found Miemp's Magic Scroll Shop.
 24952 | Shoals:3 | Noticed Ilsuiw
 24970 | Shoals:3 | Killed Ilsuiw
 25256 | Shoals:4 | Entered Level 4 of the Shoals
 26162 | Shoals:4 | Reached skill level 1 in Spellcasting
 26471 | Shoals:4 | Identified the staff "Derpher" {rElec rPois Str+7 Dex-5
                  | Conj}
 26504 | Shoals:4 | Reached skill level 10 in Armour
 26838 | Shoals:4 | Got a barnacled rune of Zot
 27108 | Spider:1 | Entered Level 1 of the Spider Nest
 27962 | D:13     | Found a gate to the Vaults.
 27997 | D:13     | Reached XP level 16. HP: 129/130 MP: 24/24
 28266 | D:13     | Found a portal to a secret trove of treasure.
 28465 | D:13     | Reached skill level 1 in Transmutations
 28696 | D:14     | Identified the +1 flail of False Accusations {flame, rElec
                  | Str-4 Dex+5}
 29033 | D:15     | Entered Level 15 of the Dungeon
 29115 | D:15     | Noticed Roxanne
 29330 | D:15     | Got Cycrose's Spellbook of Burning Spellbinding
 29838 | D:15     | Found a staircase to the Depths.
 29931 | D:15     | Found Qyorig Cokk's Mass Market.
 30178 | Elf:1    | Entered Level 1 of the Elven Halls
 30408 | Elf:1    | Found Fiuleq's Magic Scroll Boutique.
 30411 | Elf:1    | Found Ywuphuf's Book Shop.
 30414 | Elf:1    | Found Depoun's Antique Weapon Boutique.
 31403 | Vaults:1 | Entered Level 1 of the Vaults
 31866 | Vaults:1 | Reached skill level 5 in Transmutations
 32294 | Vaults:1 | Reached XP level 17. HP: 105/138 MP: 14/25
 33520 | Vaults:1 | Found Ruxzysh's Jewellery Shop.
 34046 | Vaults:1 | Reached skill level 10 in Fighting
 34411 | Vaults:1 | Reached skill level 16 in Ranged Weapons
 34459 | Vaults:1 | Reached skill level 15 in Dodging
 34684 | Vaults:2 | Paralysed by a formless jellyfish for 1 turns
 35372 | Lair:2   | Killed from afar by a jorogumo

Illustrated notes

Levels and vault maps discovered:
D:1:      minmay_arrival_arboretum_small, layout_loops_ring, kennysheep_doodads
D:2:      layout_basic, basic_altar
D:3:      layout_loops_cross, minivault_4, uniq_jessica
D:4:      layout_loops_ring
D:5:      layout_basic, nicolae_overflow_hidden_temple,
          minmay_temple_entry_crystal_x, uniq_blork_the_orc
D:6:      layout_cave_pods, jmf_multi_god_temple2, portal_sewer_entry_f,
          uniq_sigmund, uniq_prince_ribbit1
D:7:      layout_cave_pools, nicolae_ashenzari_skybound
D:8:      layout_loops_cross
D:9:      layout_loops_ring, erik_lair_orcish_takeover
D:10:     layout_cave_pools, orc_0_dummy
D:11:     layout_irregular_city, nicolae_uskayaw_murder_on_the_dancefloor
D:12:     layout_loops_cross, drop_trap, trog_three_pillars_becter,
          uniq_jorgrun, uniq_nergalle
D:13:     kennysheep_bubbly, layout_grid_maze,
          lightli_vaults_fourway_checkpoint, enter_trove_6,
          minmay_dual_archer_statues
D:14:     layout_rooms, elyvilon_altar_5
D:15:     grunt_enter_depths_hoard, layout_long_grid, serial_bayou_pond_c,
          minmay_shop_mass, uniq_roxanne
Temple:   regret_index_temple_chain_breaker
Lair:1:   layout_regular_city, uniq_jeremiah
Lair:2:   layout_gridlike, spider_nest_entry_web_field, serial_bayou,
          serial_bayou_lake_a, serial_bayou_ford_a, serial_bayou_crossing,
          ebering_ghost_inner_flame, uniq_sonja
Lair:3:   layout_layer_cave, minmay_shoals_entry_centaurs,
          minmay_stone_trees_large, serial_bayou_pond_a
Lair:4:   layout_layer_cave, nicolae_slime_entry_slimehenge, lemuel_fruit_tree,
          uniq_nessos, uniq_urug, uniq_josephine
Lair:5:   evil_forest, layout_hall_layers, nicolae_lair_lindhole,
          serial_bayou_shore_a, lemuel_fruit_fields, lemuel_fruit_fields
Shoals:1: layout_shoals, serial_shops, nicolae_shop_just_a_little_nook
Shoals:2: layout_shoals, serial_shops, nicolae_take_the_stairs
Shoals:3: layout_shoals, serial_shops, nicolae_shop_window_shopping, uniq_ilsuiw
Shoals:4: shoals_end_grunt_ice, layout_shoals, shoal_ilsuiw
Spider:1: spiders_nest_scorpion_pit
Orc:1:    layout_caves, serial_shops, nicolae_shop_stone
Orc:2:    grunt_orc_gardens, layout_caves, grunt_orc_garden, grunt_orc_garden,
          grunt_orc_garden, grunt_orc_garden, hellmonk_ghost_happy_afterlife,
          nicolae_shop_gadgets
Elf:1:    minmay_elf_crystal_hexagon, layout_gridlike,
          nicolae_elf_blasts_and_bolts, minmay_shop_star
Vaults:1: nicolae_vaults_storage_closets_3, nicolae_vaults_shrinking_rooms_1,
          vaults_room_mumra_shop_pool, v_pattern_3, vaults_room_large_hall,
          v_misc_22, nicolae_vaults_inception_statues, special_room_vaults
          [special_room_orc], nicolae_vaults_heist,
          nicolae_vaults_trapezoid_lopsided_3, vaults_mumra_lcd, v_misc_2,
          layout_vaults_omnibox
Vaults:2: nicolae_vaults_prndl, hangedman_vaults_nodes,
          nicolae_vaults_trapezoid_lopsided_1,
          minmay_crypt_entry_simple_corners,
          nicolae_vaults_offset_grid_hallway_4, v_misc_14,
          nicolae_vaults_more_shelving_2, nicolae_vaults_offset_grid_hallway_4,
          serial_library_hellmonk_open_cross, hangedman_vaults_cutoff,
          nicolae_vaults_weapon_check, nicolae_vaults_surprise_closet_hard,
          ontoclasm_vaults_spin, nicolae_vaults_offset_grid_hallway_3,
          vaults_standard_mumra_enter_the_diamond, nicolae_vaults_swerve,
          layout_vaults_maze

Skill      XL: |  1  2  3  4  5  6  7  8  9 10 11 12 13 14 15 16 17 |
---------------+----------------------------------------------------+-----
Stealth        | 1 |  1.0
Dodging        | 2 3 5 6 7 10 11 13 14 15 | 15.0
Fighting       | 2 3 6 9 10 | 10.0
Ranged Weapons | 4 5 6 8 9 11 12 14 15 16 | 16.6
Armour         | 4 6 8 9 10 11 12 | 12.0
Evocations     | 1 6 |  6.0
Summonings     | 1 6 10 | 10.0
Air Magic      | 1 6 10 | 10.0
Spellcasting   | 3 |  3.0
Transmutations | 5 6 |  6.0

Action                     |  1- 3 |  4- 6 |  7- 9 | 10-12 | 13-15 | 16-18 || total
---------------------------+-------+-------+-------+-------+-------+-------++-------
  Melee: Spear             |     6 |    15 |       |       |       |       ||    21
   Fire: Shortbow          |   147 |   195 |   223 |       |       |       ||   565
         Orcbow            |       |       |   165 |   525 |       |       ||   690
         Longbow           |       |       |       |   142 |  1202 |   294 ||  1638
         Arbalest          |       |       |       |       |       |   370 ||   370
  Throw: Dart              |       |       |       |     2 |       |     6 ||     8
   Cast: Summon Lightning  |       |       |       |       |    51 |    57 ||   108
         Wereblood         |       |       |       |       |       |     5 ||     5
  Evoke: Wand              |       |     2 |     3 |    21 |    17 |    13 ||    56
         Tin of tremorston |       |       |       |     2 |     3 |     5 ||    10
         Sack of spiders   |       |       |       |     1 |     4 |     2 ||     7
         Lightning rod     |       |       |       |       |    17 |    11 ||    28
         Phantom mirror    |       |       |       |       |     2 |     1 ||     3
         Phial of floods   |       |       |       |       |       |     1 ||     1
    Use: Scroll            |     3 |     3 |    13 |     5 |    16 |    14 ||    54
         Potion            |       |     1 |       |     1 |     3 |     7 ||    12
 Armour: Leather armour    |    36 |     5 |       |       |     3 |       ||    44
         Ring mail         |       |    88 |   118 |   210 |   291 |   186 ||   893
  Dodge: Dodged            |    32 |    67 |   135 |   283 |   653 |   471 ||  1641

Table legend: (Time is in decaauts)
 A = Elapsed time spent in this place.
 B = Non-inter-level travel time spent in this place.
 C = Inter-level travel time spent in this place.
 D = Time resting spent in this place.
 E = Time spent auto-exploring this place.
 F = Levels seen in this place.
 G = Mean time per level.
                   A        B        C        D        E       F      G
               +--------+--------+--------+--------+--------+-----+--------+
         Total |  36184 |  31459 |   4725 |   1307 |  20442 |  32 | 1130.8 |
       Dungeon |  17509 |  14781 |   2728 |    609 |   9210 |  15 | 1167.3 |
        Temple |      1 |      1 |      0 |      0 |      0 |   1 |    1.0 |
          Lair |   7430 |   6491 |    939 |     54 |   5033 |   5 | 1486.0 |
        Shoals |   5240 |   4627 |    613 |    397 |   2681 |   4 | 1310.0 |
   Spider Nest |     63 |     63 |      0 |     18 |      0 |   1 |   63.0 |
  Orcish Mines |   1553 |   1328 |    225 |      0 |   1016 |   2 |  776.5 |
   Elven Halls |   1114 |   1080 |     34 |      0 |    851 |   1 | 1114.0 |
        Vaults |   2985 |   2802 |    183 |    229 |   1511 |   2 | 1492.5 |
         Sewer |    284 |    284 |      0 |      0 |    138 |   1 |  284.0 |
               +--------+--------+--------+--------+--------+-----+--------+

Top non-repeatable levels by time:
    D:13: 3055 daAuts
Vaults:1: 2531 daAuts
  Lair:4: 2416 daAuts
     D:6: 1874 daAuts
Shoals:4: 1864 daAuts
     D:3: 1420 daAuts
  Lair:2: 1417 daAuts
  Lair:3: 1387 daAuts
     D:7: 1349 daAuts
Shoals:3: 1244 daAuts
  Lair:1: 1204 daAuts
     D:9: 1188 daAuts
Shoals:1: 1160 daAuts
   Elf:1: 1114 daAuts
    D:15: 1108 daAuts
